 Dungeon Crawl Stone Soup version 0.30-a0-528-g8c47a4955b (webtiles) character file.

Game seed: 3701958306063841125

1813 Sabo the Covered (level 8, -6/64 (71) HPs)
             Began as an Armataur Fighter on Dec 23, 2022.
             Was an Initiate of Makhleb.
             Mangled by an ogre
             ... wielding a +0 giant club
              (28 damage)
             ... on level 6 of the Dungeon.
             The game lasted 00:31:02 (7453 turns).

Sabo the Covered (Armataur Fighter)                 Turns: 7453, Time: 00:31:03

HP:   -6/64 (71)    AC: 12    Str: 24    XL:     8   Next: 84%
MP:   8/8           EV:  9    Int:  8    God:    Makhleb [......]
Gold: 166           SH:  4    Dex: 10    Spells: 7/7 levels left

rFire   . . .      SeeInvis .    a - +0 war axe
rCold   . . .      Faith    .    c - +0 buckler
rNeg    + . .      Spirit   .    A - +3 ring mail of the Gusle {+Blink rElec rN+ Stlth+}
rPois   +          Reflect  .    l - +0 helmet
rElec   +          Harm     .    u - +0 cloak
rCorr   .          Roll     +    (no gloves)
Will    .....                    (no barding)
Stlth   ++                       (no amulet)
HPRegen 0.30/turn                E - ring of poison resistance
MPRegen 0.11/turn                I - ring of flight

@: flying, mesmerised, drained
A: large, rugged brown scales 3, deformed body, armoured tail, roll, long
tongue, awkward tongue
a: Renounce Religion, Evoke Blink


You were on level 6 of the Dungeon.
You worshipped Makhleb.
Makhleb was noncommittal.
You visited 1 branch of the dungeon, and saw 6 of its levels.
You also visited: Sewer.

You collected 328 gold pieces.
You spent 162 gold pieces at shops.

Inventory:

Hand Weapons
 a - a +0 war axe (weapon)
 b - a +3 short sword
 r - a +0 shortbow
 t - a +3 quarterstaff of chaos
 y - a +1 scythe of freezing
 H - a +2 dire flail of draining
Missiles
 j - 19 poisoned darts (quivered)
 C - a throwing net
Armour
 c - a +0 buckler (worn)
 l - a +0 helmet (worn)
 u - a +0 cloak (worn)
 A - the +3 ring mail of the Gusle (worn) {+Blink rElec rN+ Stlth+}
   (You bought it in a shop on level 5 of the Dungeon)

   rElec:     It insulates you from electricity.
   rN:        It protects you from negative energy.
   +Blink:    It lets you blink.
   Stlth:     It makes you more stealthy.
Jewellery
 h - the amulet of Elemental Vulnerability {rPois rF-- rC-- AC+8}
   (You found it on level 2 of the Dungeon)

   [amulet of nothing]

   AC:        It affects your AC (+8).
   rF:        It makes you very vulnerable to fire.
   rC:        It makes you very vulnerable to cold.
   rPois:     It protects you from poison.
 E - a ring of poison resistance (left hand)
 I - a ring of flight (right hand)
Wands
 d - a wand of paralysis (9)
 v - a wand of iceblast (7)
Scrolls
 e - 3 scrolls of teleportation
 p - a scroll of silence
 q - a scroll of magic mapping
 x - a scroll of enchant armour {unknown}
 z - a scroll of enchant weapon {unknown}
 B - a scroll of poison {unknown}
 D - a scroll of fear {unknown}
 G - a scroll of amnesia {unknown}
Potions
 f - 5 potions of flight
 g - a potion of invisibility
 i - a potion of heal wounds
 m - a potion of mutation {unknown}
 n - 2 potions of curing {unknown}
 o - a potion of might
 s - a potion of lignification {unknown}
 w - 2 potions of haste {unknown}
 F - a potion of degeneration {unknown}
Miscellaneous
 k - a condenser vane


   Skills:
 + Level 4.9 Fighting
 + Level 6.6 Axes
 + Level 7.2 Armour
 + Level 2.3 Dodging
 + Level 1.3 Stealth
 + Level 4.6 Shields


You had 7 spell levels left.
You didn't know any spells.
Your spell library contained the following spells:

 Spells                   Type           Power      Damage    Failure   Level
 Ignite Poison            Fire/Tmut/Pois 0%         N/A       93%         3
 Kindle Blastsparks       Fire/Tloc/Air  0%         2d10      93%         3
 Portal Projectile        Hex/Tloc       0%         N/A       93%         3
 Tukima's Dance           Hex            0%         N/A       93%         3
 Summon Ice Beast         Ice/Summ       0%         N/A       100%        4
 Blade Hands              Tmut           0%         N/A       100%        5
 Freezing Cloud           Conj/Ice/Air   0%         6-21      100%        5
 Summon Mana Viper        Hex/Summ       0%         N/A       100%        5
 Monstrous Menagerie      Summ           0%         N/A       100%        7


Dungeon Overview and Level Annotations

Branches:
Dungeon (6/15)             Temple (0/1) D:6           Sewer (visited)

Altars:
Cheibriados
Fedhas
Makhleb
Trog
Wu Jian
Xom

Shops:
D:5 [

Annotations:
D:6 Maggie


Innate Abilities, Weirdness & Mutations

You are completely covered in rugged brown scales. (AC +3, +7% HP)
Armour fits poorly on your strangely shaped body.
You have a long armoured tail.
You roll when moving toward enemies. (Rampage)
Your long tongue fully drains potion bottles. (2x potion effects)
Your tongue gives you trouble enunciating. (1.5x scroll delay)


Message History

H - a +2 dire flail of draining You can't wield that with only one hand.
e - 3 scrolls of teleportation (gained 1)
There is an open door here.
There is an open door here.
I - a ring of flight
There is an open door here.
You fly up into the air.
I - a ring of flight (right hand) Maggie the Vainglorious comes into view.
She is wielding a +2 scimitar of flaming.
An ogre comes into view. It is wielding a +0 giant club.
Maggie shouts!
Found a short sword.
The ogre shouts!
You roll towards Maggie!
You hit Maggie.
Your tail-slap misses Maggie.
Maggie is lightly wounded.
Maggie hits you with a +2 scimitar of flaming.
Maggie burns you.
You slash Maggie!
Maggie is moderately wounded.
You barely miss the ogre.
Maggie gestures wildly while chanting.
Maggie attempts to bespell you!
You are mesmerised by Maggie!
The ogre barely misses you.
You hit Maggie.
Maggie is moderately wounded.
You slash the ogre!
Maggie points at you and mumbles some strange words.
The bolt of fire hits you!!
You hit Maggie but do no damage.
Maggie is moderately wounded.
You slash the ogre! The ogre hits you with a +0 giant club.
Maggie hits you with a +2 scimitar of flaming!
Maggie burns you.
You slash Maggie!
Maggie is heavily wounded.
You slash the ogre! Maggie completely misses you.
The ogre hits you with a +0 giant club!!
You die...

#......'.........#
#......#....[....#
#......#.........#
##.....#.........#
..##.....###########
.PP.P..........
P#..#P.........
≈≈≈≈≈≈.........
.......@.......
≈≈≈≈≈≈.@O......
.#.P#..........
....P..........
..##...##'##### ..
#... .. .... ..)
..... ....


You could see Maggie (mesmerising) and an ogre.

Vanquished Creatures
  Sigmund (D:5)
  Menkaure (D:5)
  Edmund (D:6)
  A black bear (D:5)
  An ice beast (D:3)
  2 ogres (D:5)
  2 centaurs
  A phantom (D:5)
  Blork the orc (D:5)
  A scorpion (D:5)
  A wight (D:6)
  A howler monkey (D:6)
  A gnoll bouda (D:5)
  4 hounds
  Crazy Yiuf (D:3)
  A jelly (D:6)
  4 iguanas
  A merfolk siren (Sewer)
  2 orc wizards (D:4)
  A merfolk avatar (Sewer)
  5 gnolls (D:5)
  7 adders
  A shadow imp (D:6)
  A white imp (D:5)
  5 worms
  A dart slug (D:4)
  10 orcs
  4 endoplasms
  7 giant cockroaches
  5 goblins
  A hobgoblin (D:4)
  7 kobolds
  2 quokkas
  5 ball pythons
  6 bats
  10 frilled lizards
  33 rats
139 creatures vanquished.

Vanquished Creatures (others)
  An endoplasm (D:3)
  5 plants
6 creatures vanquished.

Grand Total: 145 creatures vanquished

Notes
Turn   | Place    | Note
-------+----------+-------------------------------------------
     0 | D:1      | Sabo the Armataur Fighter began the quest for the Orb.
     0 | D:1      | Reached XP level 1. HP: 19/19 MP: 1/1
   185 | D:1      | Reached skill level 4 in Armour
   221 | D:1      | Reached XP level 2. HP: 14/26 MP: 2/2
   865 | D:2      | Found the amulet of Elemental Vulnerability {rPois rF--
                  | rC-- AC+8}
  1683 | D:2      | Reached XP level 3. HP: 25/33 MP: 3/3
  2085 | D:3      | Found a glowing drain.
  2089 | Sewer    | Entered a sewer
  2191 | Sewer    | Noticed a sickly merfolk siren
  2195 | Sewer    | Reached XP level 4. HP: 40/40 MP: 4/4
  2337 | Sewer    | Noticed a malarious merfolk avatar
  2364 | Sewer    | Killed a malarious merfolk avatar
  2365 | Sewer    | Reached XP level 5. HP: 30/48 MP: 5/5
  2888 | D:3      | Found a bloodstained altar of Trog.
  2936 | D:3      | Noticed an ice beast
  2952 | D:3      | Killed an ice beast
  2953 | D:3      | Reached skill level 1 in Dodging
  2953 | D:3      | Reached XP level 6. HP: 12/54 MP: 6/6
  3344 | D:3      | Found a runed translucent door.
  3345 | D:3      | Noticed Crazy Yiuf
  3361 | D:3      | Killed Crazy Yiuf
  3749 | D:4      | Reached skill level 5 in Armour
  4422 | D:5      | Entered Level 5 of the Dungeon
  4569 | D:5      | Noticed Menkaure
  4576 | D:5      | Killed Menkaure
  4577 | D:5      | Reached XP level 7. HP: 46/62 MP: 7/7
  4720 | D:5      | Noticed Sigmund
  4741 | D:5      | Killed Sigmund
  4742 | D:5      | Reached skill level 5 in Axes
  4742 | D:5      | Reached skill level 6 in Armour
  5071 | D:5      | Found Veqy's Antique Armour Boutique.
  5086 | D:5      | Bought a transparent ring mail for 162 gold pieces
  5086 | D:5      | Identified the +3 ring mail of the Gusle {+Blink rElec rN+
                  | Stlth+} (You bought it in a shop on level 5 of the Dungeon)
  5145 | D:5      | Noticed Blork the orc
  5155 | D:5      | Reached XP level 8. HP: 35/70 MP: 8/8
  5160 | D:5      | Killed Blork the orc
  5583 | D:5      | Reached skill level 1 in Stealth
  5694 | D:5      | Found a shimmering altar of Xom.
  5713 | D:5      | Reached skill level 7 in Armour
  6051 | D:5      | Found a blossoming altar of Fedhas.
  6251 | D:5      | Found an ornate altar of the Wu Jian Council.
  6251 | D:5      | Found a burning altar of Makhleb.
  6267 | D:5      | Became a worshipper of Makhleb the Destroyer
  7192 | D:6      | Found a snail-covered altar of Cheibriados.
  7276 | D:6      | Found a staircase to the Ecumenical Temple.
  7322 | D:6      | Noticed Edmund
  7337 | D:6      | Killed Edmund
  7446 | D:6      | Noticed Maggie
  7453 | D:6      | Mangled by an ogre

Illustrated notes

Levels and vault maps discovered:
D:1:      evilmike_arrival_hilbert_curve, layout_basic, nrook_mini_vaults
D:2:      layout_basic, minmay_heptomino_h4
D:3:      layout_loops_ring, trog_book, gup_sewer_entry_spiral,
          uniq_crazy_yiuf_cottage
D:4:      layout_basic
D:5:      layout_gridville, fedhas_bush_and_centaur_altar,
          mainiacjoe_overflow_cross_hatched, nicolae_overflow_two_pavilions,
          serial_shops, shop, uniq_sigmund, uniq_menkaure, uniq_blork_the_orc
D:6:      layout_gridville, nicolae_elyvilon_temple_path,
          mainiacjoe_overflow_tiny_flanked, minmay_temple_entry_statues_pillars,
          hangedman_abyss_or_decor_stagger, minmay_fractal_squares_5,
          uniq_maggie, uniq_edmund

Skill      XL: |  1  2  3  4  5  6  7  8 |
---------------+-------------------------+-----
Armour         | 4 5 6 7 |  7.2
Fighting       | 3 4 |  4.9
Axes           | 2 3 4 5 6 |  6.6
Dodging        | 1 2 |  2.3
Shields        | 4 |  4.6
Stealth        | 1 |  1.3

Action                   |  1- 3 |  4- 6 |  7- 9 || total
-------------------------+-------+-------+-------++-------
Melee: War axe           |   141 |   206 |   140 ||   487
       Tailslap          |     9 |    20 |    19 ||    48
  Use: Scroll            |     3 |     3 |       ||     6
       Potion            |       |     5 |       ||     5
Armor: Scale mail        |    84 |   127 |    10 ||   221
       Ring mail         |       |       |    83 ||    83
Dodge: Dodged            |    49 |    87 |    79 ||   215
Block: Buckler           |    16 |    31 |    36 ||    83

Table legend: (Time is in decaauts)
 A = Elapsed time spent in this place.
 B = Non-inter-level travel time spent in this place.
 C = Inter-level travel time spent in this place.
 D = Time resting spent in this place.
 E = Time spent auto-exploring this place.
 F = Levels seen in this place.
 G = Mean time per level.
                   A        B        C        D        E       F      G
               +--------+--------+--------+--------+--------+-----+--------+
         Total |   7620 |   7620 |      0 |   1762 |      0 |   7 | 1088.6 |
       Dungeon |   7164 |   7164 |      0 |   1695 |      0 |   6 | 1194.0 |
         Sewer |    455 |    455 |      0 |     67 |      0 |   1 |  455.0 |
               +--------+--------+--------+--------+--------+-----+--------+

Top non-repeatable levels by time:
     D:5: 2237 daAuts
     D:3: 1325 daAuts
     D:2: 1200 daAuts
     D:1: 857 daAuts
     D:6: 830 daAuts
     D:4: 713 daAuts
   Sewer: 455 daAuts
